AoeStats
← os.miguel12

Runestones

507578613Analyzed
1v1 RM · 15d ago on Sep 18, 2026· 43m 25s· 2 players
Game mode
Random Map
Map size
Tiny (2 player)
Population
200
Speed
Normal
Resources
Standard
Victory
Conquest
Starting age
Dark Age
Ending age
Imperial Age
RankedLock teamsTeams togetherTeam positionsShared explorationLock speedFull tech treeHidden civsTurbo modeCheats
Victory
Defeat
🇬🇧 Persians · United Kingdom
1045
+16
🇳🇱 Aztecs · Netherlands
1038
-16
os.miguel12
11:11 Feudal Age
10:11 Loom
12:28 Horse Collar
12:37 Double-Bit Axe
18:23 Padded Archer Armor
18:47 Fletching
24:42 Castle Age
25:54 Leather Archer Armor
25:35 Bodkin Arrow
25:18 Elite Skirmisher
27:46 Stone Mining
27:47 Gold Mining
30:59 Atlatl
32:15 Heavy Plow
32:43 Bow Saw
33:29 Ballistics
35:38 Town Watch
36:36 Wheelbarrow
39:03 Imperial Age
37:30 Fervor
37:41 Sanctity
40:44 Chemistry
39:52 Bracer
40:32 Conscription
41:26 Murder Holes
41:07 Pikeman
Horahlooks
7:21 Loom
9:58 Feudal Age
10:21 Double-Bit Axe
11:36 Fletching
17:29 Wheelbarrow
17:58 Horse Collar
22:42 Castle Age
20:47 Padded Archer Armor
22:20 Bloodlines
22:28 Crossbowman
23:19 Bow Saw
23:18 Bodkin Arrow
26:53 Thumb Ring
27:16 Husbandry
29:26 Scale Barding Armor
29:07 Light Cavalry
31:57 Gold Mining
33:04 Parthian Tactics
32:45 Thumb Ring
33:08 Ballistics
32:39 Town Watch
34:06 Heavy Plow
36:56 Imperial Age
35:39 Forging
35:51 Chain Barding Armor
36:09 Hand Cart
36:26 Stone Mining
37:39 Capped Ram
38:04 Cavalier
40:38 Chemistry
39:03 Siege Ram
40:36 Gold Shaft Mining
40:41 Plate Barding Armor
40:38 Conscription
40:43 Kamandaran
40:22 Siege Ram
41:40 Iron Casting
43:51 Leather Archer Armor
Connection lost

Rejoining the realm…

Still unreachable

The connection could not be restored.

Session expired

The server has moved on; the page needs a fresh start.